 Dungeon Crawl Stone Soup version 0.18-a0-1526-gcb34c7c (webtiles) character file.

249 Kidiri the Magician (level 5, -7/28 HPs)
             Began as a Deep Elf Fire Elementalist on Mar 8, 2016.
             Mangled by an orc wizard
             ... wielding a +0 dagger of electrocution
              (18 damage)
             ... on level 3 of the Dungeon.
             The game lasted 00:13:55 (3508 turns).

Kidiri the Magician (Deep Elf Fire Elementalist)    Turns: 3508, Time: 00:14:25

Health: -7/28      AC:  5    Str:  5    XL:     5   Next: 86%
Magic:  11/14      EV: 14    Int: 21    God:
Gold:   101        SH:  0    Dex: 15    Spells: 5 memorised, 0 levels left

rFire  . . .     SeeInvis .     e - +1 short sword
rCold  . . .     Gourm    .     l - +2 animal skin
rNeg   . . .     Faith    .     (no shield)
rPois  .         Spirit   .     m - +0 helmet
rElec  .         Dismiss  .     (no cloak)
rCorr  .         Reflect  .     (no gloves)
SustAt .         Harm     .     (no boots)
MR     .....                    v - amulet of magic regeneration
Stlth  +++.......               (no ring)
                                (no ring)

@: not resistant to hostile enchantments, fairly stealthy
A: no striking features
a: no special abilities


You were on level 3 of the Dungeon.
You were not hungry.

You visited 1 branch of the dungeon, and saw 3 of its levels.

You collected 101 gold pieces.

Inventory:

Hand Weapons
 e - a +1 short sword (weapon)
 t - a +0 rapier
Armour
 l - a +2 animal skin (worn)
 m - a +0 helmet (worn)
 x - a +0 buckler
Jewellery
 v - an amulet of magic regeneration (around neck)
Wands
 p - a wand of digging (9/24)
Scrolls
 d - a scroll of recharging
 k - a scroll of remove curse
 r - a scroll of random uselessness {unknown}
 u - a scroll of teleportation
Potions
 f - a potion of flight
 h - a potion of might
 i - 3 potions of heal wounds {unknown}
 o - 2 potions of curing {unknown}
 q - a potion of brilliance
 s - a potion of lignification {unknown}
 w - a potion of haste {unknown}
Books
 b - a book of Flames

   Spells                             Type                      Level
   a - Flame Tongue                   Conjuration/Fire             1
   b - Throw Flame                    Conjuration/Fire             2
   c - Conjure Flame                  Conjuration/Fire             3
   d - Inner Flame                    Hexes/Fire                   3
   e - Sticky Flame                   Conjuration/Fire             4
   f - Fireball                       Conjuration/Fire             5
Comestibles
 a - a meat ration
 c - 4 bread rations
 g - a beef jerky
 j - 5 chunks of flesh
 n - a royal jelly


   Skills:
 + Level 3.9 Dodging
 + Level 3.9 Stealth
 * Level 4.8 Spellcasting
 + Level 2.7 Conjurations
 + Level 2.1 Hexes
 + Level 4.0 Fire Magic


You couldn't memorise any spells.
You knew the following spells:

 Your Spells              Type           Power        Failure   Level  Hunger
a - Flame Tongue          Conj/Fire      ###..        2%          1    None
b - Throw Flame           Conj/Fire      ###...       4%          2    None
c - Conjure Flame         Conj/Fire      ###.....     10%         3    ##.....
d - Inner Flame           Hex/Fire       ###.....     12%         3    ##.....
e - Sticky Flame          Conj/Fire      ###.....     28%         4    ####...


Dungeon Overview and Level Annotations

Branches:
Dungeon (3/15)

Altars:
Elyvilon


Message History

Ouch! That really hurt!
Casting: Flame Tongue
Confirm with . or Enter, or press ? or * to list all spells.
Aiming: Flame Tongue
Press: ? - help, Shift-Dir - straight line, f/p - orc wizard
Aim: an orc wizard, wielding a dagger of electrocution and wearing a robe (severely wounded, fast)
The flame tongue misses the orc wizard.
The orc wizard hits you with a dagger of electrocution.
Casting: Flame Tongue
Confirm with . or Enter, or press ? or * to list all spells.
Aiming: Flame Tongue
Press: ? - help, Shift-Dir - straight line, f/p - orc wizard
Aim: an orc wizard, wielding a dagger of electrocution and wearing a robe (severely wounded, fast)
The flame tongue hits the orc wizard.
The orc wizard appears unharmed.
The orc wizard is severely wounded.
The orc wizard casts a cantrip, but nothing happens.
The orc wizard hits you but does no damage.
You are electrocuted!
Ouch! That really hurt!
You die...

#....>.......
#.#....########+##
#o#....# #......#
#.#....# #......#
#.#....# #......# .
#.####.####......##.
#.# #..............
#.####............##
#.o@..........###.#
######........# #.#
#........# #.#
#........# #.#
#........# #.##
########## #..#
###.. #.... #....


You could see an orc wizard.

Vanquished Creatures
  An orc wizard (D:3)
  Jessica (D:2)
  Natasha (thrice) (D:2)
  Robin (D:2)
  3 adders (D:2)
  A worm (D:3)
  A dart slug (D:1)
  3 orcs (D:3)
  7 bats
  3 giant cockroaches
  13 goblins
  6 hobgoblins
  11 jackals
  8 kobolds
  5 giant newts
  6 rats
73 creatures vanquished.

Vanquished Creatures (others)
  A quokka (D:2)
1 creature vanquished.

Grand Total: 74 creatures vanquished

Notes
Turn   | Place    | Note
--------------------------------------------------------------
     0 | D:1      | Kidiri the Deep Elf Fire Elementalist began the quest for the Orb.
     0 | D:1      | Reached XP level 1. HP: 10/10 MP: 6/6
   284 | D:1      | Reached XP level 2. HP: 10/15 MP: 5/8
   288 | D:1      | Learned a level 2 spell: Throw Flame
   786 | D:2      | Reached XP level 3. HP: 17/19 MP: 3/9
   791 | D:2      | Learned a level 3 spell: Inner Flame
   898 | D:2      | Noticed Robin
   951 | D:2      | Killed Robin
   958 | D:2      | Learned a level 3 spell: Conjure Flame
  1253 | D:2      | Reached XP level 4. HP: 24/24 MP: 6/11
  1850 | D:2      | Found a white marble altar of Elyvilon.
  2025 | D:2      | Noticed Jessica
  2027 | D:2      | Killed Jessica
  2027 | D:2      | Reached skill level 1 in Hexes
  2102 | D:2      | Noticed Natasha
  2112 | D:2      | Killed Natasha
  2112 | D:2      | Reached XP level 5. HP: 21/28 MP: 7/13
  2905 | D:2      | Noticed Natasha
  2910 | D:2      | Killed Natasha
  3011 | D:2      | Noticed Natasha
  3018 | D:2      | Killed Natasha
  3122 | D:3      | Learned a level 4 spell: Sticky Flame
  3508 | D:3      | Mangled by an orc wizard

Vault maps used:
D:1:      lightli_iron_boxes
D:2:      elyvilon_altar_4, first_bread, kennysheep_generic_room_2,
          uniq_jessica, uniq_robin, uniq_natasha
D:3:      kennysheep_six_static_rooms, lemuel_round_altar, grunt_pakellas_basics

Skill      XL: |  1  2  3  4  5 |
---------------+----------------+-----
Dodging        | 3 |  3.9
Stealth        | 3 |  3.9
Conjurations   | 2 |  2.7
Spellcasting   | 4 |  4.8
Hexes          | 1 2 |  2.1
Fire Magic     | 4 |  4.0

Action                   |  1- 3 |  4- 6 || total
-------------------------+-------+-------++-------
Melee: Unarmed           |    10 |       ||    10
       Short sword       |    10 |    16 ||    26
 Cast: Flame Tongue      |    37 |    46 ||    83
       Throw Flame       |    11 |    32 ||    43
       Conjure Flame     |       |     1 ||     1
  Use: Scroll            |     5 |     3 ||     8
 Stab: Sleeping          |     3 |     1 ||     4
  Eat: Chunk             |     1 |     6 ||     7
       Royal jelly       |       |     1 ||     1
